 Seeded DCSS version 0.30-a0-989-g0d87f670db (webtiles) character file.

Game seed: 12503581812307793820 (custom seed)

2460 bmack86 the Cleaver (level 9, -2/79 HPs)
             Began as a Minotaur Fighter on Apr 3, 2023.
             Was a Follower of Okawaru.
             Slain by a wyvern (5 damage)
             ... while petrified by a basilisk
             ... on level 8 of the Dungeon.
             The game lasted 00:14:38 (6752 turns).

bmack86 the Cleaver (Minotaur Fighter)              Turns: 6752, Time: 00:14:38

Health: -2/79      AC: 17    Str: 24    XL:     9   Next: 26%
Magic:  8/9        EV:  2    Int:  5    God:    Okawaru [*.....]
Gold:   796        SH:  0    Dex: 17    Spells: 8/8 levels left

rFire   . . .      SeeInvis .    J - +4 war axe
rCold   . . .      Faith    .    c - +0 buckler
rNeg    + + +      Spirit   .    l - +0 plate armour
rPois   ∞          Reflect  .    (helmet restricted)
rElec   .          Rampage  .    y - +0 cloak
rCorr   .                        (no gloves)
Will    .....                    (no boots) Stlth
                                 (no amulet)
HPRegen 0.33/turn                q - +6 ring of dexterity
MPRegen 0.11/turn                C - ring of poison resistance

@: petrified, heroic
A: horns 2, retaliatory headbutt
a: Renounce Religion, Heroism


You were on level 8 of the Dungeon.
You worshipped Okawaru.
Okawaru was aware of your devotion.
You visited 1 branch of the dungeon, and saw 8 of its levels.
You also visited: Ossuary.

You collected 796 gold pieces.

Inventory:

Hand Weapons
 a - a +0 war axe of freezing
 J - a +4 war axe (weapon)
Missiles
 i - 9 poisoned darts (quivered)
Armour
 b - a +0 scale mail
 c - a +0 buckler (worn)
 l - a +0 plate armour (worn)
 y - a +0 cloak (worn)
Jewellery
 o - a ring of fire
 q - a +6 ring of dexterity (left hand)
 r - a ring of protection from fire
 C - a ring of poison resistance (right hand)
 E - an amulet of magic regeneration
Wands
 h - a wand of paralysis (18)
 D - a wand of polymorph (12)
 F - a wand of iceblast (11)
 G - a wand of quicksilver (11)
 H - a wand of flame (42)
Scrolls
 k - a scroll of teleportation
 m - 2 scrolls of vulnerability
 v - a scroll of magic mapping
 w - a scroll of poison
 I - a scroll of fear {unknown}
 K - a scroll of identify
 L - a scroll of amnesia
Potions
 d - 4 potions of might
 e - 3 potions of degeneration
 f - 3 potions of resistance
 g - 3 potions of heal wounds
 j - a potion of magic
 n - 3 potions of haste {unknown}
 p - a potion of brilliance {unknown}
 s - 3 potions of lignification {unknown}
 t - 7 potions of curing
 u - 2 potions of attraction {unknown}
 x - a potion of flight {unknown}
 z - a potion of cancellation {unknown}
 A - 2 potions of berserk rage {unknown}
 B - a potion of invisibility {unknown}


   Skills:
 + Level 7.0(12.0) Fighting
 * Level 8.8(13.8) Axes
 + Level 4.5(9.5) Throwing
 + Level 7.1(12.1) Armour
 + Level 7.0(12.0) Shields
 + Level 2.5 Invocations


You had 8 spell levels left.
You didn't know any spells.
Your spell library contained the following spells:

 Spells                   Type           Power      Damage    Failure   Level
 Sting                    Tmut/Pois      0%         1d3       99%         1
 Poisonous Vapours        Pois/Air       0%         N/A       100%        2
 Inner Flame              Hex/Fire       0%         N/A       100%        3
 Flame Wave               Conj/Fire      0%         2d4       100%        4
 Olgreb's Toxic Radiance  Pois           0%         N/A       100%        4
 Sticky Flame             Conj/Fire      0%         2d3       100%        4


Dungeon Overview and Level Annotations

Branches:
Dungeon (8/15)             Temple (0/1) D:6            Lair (0/5) D:8
Ossuary (visited)

Altars:
Dithmenos
Hepliaklqana
Nemelex Xobeh
Okawaru
Qazlal
Sif Muna
Uskayaw
Vehumet
Wu Jian

Annotations:
D:3 2 runed translucent doors, DeathPants's ghost, amateur MiFi
D:4 3 runed translucent doors, Firecrotchwizard's ghost, novice DjCj


Innate Abilities, Weirdness & Mutations

You have a pair of horns on your head.
You reflexively headbutt those who attack you in melee.


Message History

A nearby plant withers and dies.
The wyvern bites the plant!
The water moccasin completely misses you.
The wolf bites you. The wyvern completely misses you.
The basilisk gazes at you. You resist with some effort.
The wyvern bites the plant!
A nearby plant withers and dies.
The wolf bites you.
The water moccasin bites you but does no damage.
The wyvern bites you but does no damage.
The wolf bites you. The basilisk bites you.
The water moccasin bites you but does no damage.
The wyvern bites you but does no damage.
The wolf completely misses you. The water moccasin bites you.
The wyvern bites you.
The basilisk bites you but does no damage.
The wolf bites you!
* * * LOW HITPOINT WARNING * * *
The wyvern bites you.
* * * LOW HITPOINT WARNING * * *
The water moccasin bites you but does no damage.
The wolf bites you but does no damage. The basilisk bites you!
* * * LOW HITPOINT WARNING * * *
The wyvern bites you but does no damage.
The water moccasin bites you.
* * * LOW HITPOINT WARNING * * *
The wolf bites you but does no damage. The wyvern bites you.
The wolf bites you but does no damage.
The water moccasin bites you but does no damage.
The basilisk bites you!
* * * LOW HITPOINT WARNING * * *
The wolf bites you.
* * * LOW HITPOINT WARNING * * *
The wyvern hisses menacingly.
The wyvern bites you!
* * * LOW HITPOINT WARNING * * *
The water moccasin bites you.
* * * LOW HITPOINT WARNING * * *
The basilisk bites you.
* * * LOW HITPOINT WARNING * * *
The wolf bites you but does no damage. The wyvern bites you!
You die...

........# #..###########.
#<))....######......).......
..).....#........))#########
..).....#.#.##.....#
).#'#####.#........# ..#.#
#......[#### ###.#
#.......## ..#
.........###### ###
..#....#@hSS.P# .
#.#+#Sllh..... #+
.lShhl.♣... .....S.P...P.
....(P..♣..P...
...............
.............P.
.##P.♣PP..>..P.


You could see 2 basilisks, 5 water moccasins, 2 black bears, 2 wyverns and 2
wolves.

Vanquished Creatures
  A wyvern (D:6)
  A sky beast (D:6)
  An ice beast (D:5)
  An orc warrior (D:6)
  A black bear (D:5)
  An ogre (D:3)
  A centaur (D:6)
  A kobold brigand (D:6)
  A bullfrog (D:8)
  2 scorpions (D:5)
  13 wights (D:8)
  2 howler monkeys (D:7)
  3 orc priests
  Crazy Yiuf (D:4)
  A gnoll bouda (D:8)
  2 hounds
  A sleepcap (D:6)
  5 iguanas
  2 orc wizards
  9 mummies
  4 gnolls (D:8)
  6 adders
  3 white imps
  A worm (D:2)
  5 dart slugs
  19 orcs
  4 bats
  5 endoplasms
  5 giant cockroaches
  2 gnoll zombies (Ossuary)
  8 goblins
  12 hobgoblins
  2 jackals (D:2)
  13 kobolds
  5 quokkas
  15 ball pythons
  4 frilled lizards
  A goblin zombie (D:4)
  2 hobgoblin zombies
  3 kobold zombies (Ossuary)
  2 orc zombies (Ossuary)
  5 rats
  A spectral hobgoblin (D:4)
177 creatures vanquished.

Vanquished Creatures (others)
  3 fungi (D:8)
  8 plants (D:8)
  6 toadstools (D:6)
17 creatures vanquished.

Grand Total: 194 creatures vanquished

Notes
Turn   | Place    | Note
-------+----------+-------------------------------------------
     0 | D:1      | bmack86 the Minotaur Fighter began the quest for the Orb.
     0 | D:1      | Reached XP level 1. HP: 19/19 MP: 0/0
    60 | D:1      | Reached XP level 2. HP: 26/27 MP: 1/1
   156 | D:1      | Reached skill level 3 in Axes
   558 | D:2      | Reached XP level 3. HP: 33/33 MP: 2/2
  1003 | D:2      | Reached XP level 4. HP: 40/40 MP: 3/3
  1394 | D:3      | Found a faded altar of an unknown god.
  1540 | D:3      | Found a shadowy altar of Dithmenos.
  1742 | D:3      | Noticed an ogre
  1746 | D:3      | Killed an ogre
  1747 | D:3      | Reached skill level 4 in Axes
  1747 | D:3      | Reached skill level 1 in Throwing
  1747 | D:3      | Reached XP level 5. HP: 32/47 MP: 4/4
  1894 | D:3      | Found a large runed translucent door.
  1895 | D:3      | Found a large runed translucent door.
  1899 | D:3      | Noticed DeathPants's ghost (amateur MiFi)
  2075 | D:4      | Found a stormy altar of Qazlal.
  2112 | D:4      | Found a hazy altar of Hepliaklqana.
  2250 | D:4      | Found a sand-covered staircase.
  2284 | Ossuary  | Entered an ossuary
  2497 | Ossuary  | Reached XP level 6. HP: 53/53 MP: 5/5
  2517 | Ossuary  | Reached skill level 5 in Axes
  2714 | D:4      | Found a runed translucent gate.
  2717 | D:4      | Found a runed translucent gate.
  2718 | D:4      | Found a runed translucent gate.
  2726 | D:4      | Noticed Firecrotchwizard's ghost (novice DjCj)
  2771 | D:4      | Noticed a +0 short sword
  2772 | D:4      | Noticed a +0 dagger
  2773 | D:4      | Noticed a +0 spear
  2773 | D:4      | Noticed a +0 falchion
  2774 | D:4      | Noticed a +0 spear
  2774 | D:4      | Noticed a +0 falchion
  2774 | D:4      | Noticed a +0 short sword
  2774 | D:4      | Noticed a +0 dagger
  2777 | D:4      | Found a hide-covered altar of Uskayaw.
  2922 | D:4      | Reached skill level 5 in Armour
  2922 | D:4      | Reached skill level 5 in Shields
  2979 | D:4      | Found a runed translucent door.
  2980 | D:4      | Noticed Crazy Yiuf
  2985 | D:4      | Killed Crazy Yiuf
  3171 | D:5      | Entered Level 5 of the Dungeon
  3177 | D:5      | Reached skill level 5 in Fighting
  3423 | D:5      | Reached XP level 7. HP: 61/61 MP: 6/6
  3627 | D:5      | Reached skill level 6 in Axes
  3701 | D:5      | Found an ornate altar of the Wu Jian Council.
  3820 | D:5      | Found a sparkling altar of Nemelex Xobeh.
  4314 | D:6      | Noticed a wyvern
  4322 | D:6      | Killed a wyvern
  4365 | D:6      | Reached XP level 8. HP: 39/70 MP: 7/7
  4619 | D:6      | Reached skill level 7 in Axes
  4862 | D:6      | Found an iron altar of Okawaru.
  4871 | D:6      | Became a worshipper of Warmaster Okawaru
  5108 | D:6      | Found a staircase to the Ecumenical Temple.
  5159 | D:6      | Found a radiant altar of Vehumet.
  5430 | D:7      | Reached skill level 1 in Invocations
  5678 | D:7      | Found Enuuc's Firing Range.
  6107 | D:7      | Found a shimmering blue altar of Sif Muna.
  6163 | D:8      | Reached skill level 8 in Axes
  6403 | D:8      | Reached XP level 9. HP: 45/76 MP: 9/9
  6411 | D:8      | Reached * piety under Okawaru
  6737 | D:8      | Found a staircase to the Lair.
  6752 | D:8      | HP: 3/79 [basilisk (1)]
  6752 | D:8      | Slain by a wyvern

Illustrated notes

Levels and vault maps discovered:
D:1:      lightli_arrival_chessboard, layout_rooms, minmay_domino_4
D:2:      layout_loops_ring
D:3:      layout_loops_ring, lemuel_crystal_altar,
          shapermc_ecumenical_altar_mp_vishouse, ebering_ghost_disaster_area
D:4:      layout_rooms, nicolae_hepliaklqana_monster_ancestors,
          lemuel_doored_altar, nicolae_uskayaw_en_pointe,
          nicolae_ossuary_entry_giza, gammafunk_ghost_split,
          uniq_crazy_yiuf_cottage
D:5:      layout_basic, mainiacjoe_overflow_six_doors_small,
          mainiacjoe_overflow_catwalk, roderic_lattice_a
D:6:      layout_loops_ring, kennysheep_little_box, okawaru_ov_weapons_minmay,
          temple_hall, minivault_11, chequers_decorated_corner,
          minmay_gold_behind_fungi
D:7:      layout_cave_pools, lemuel_coloured_pillars_altar,
          nicolae_shop_firing_range
D:8:      layout_basic, marbit_many_paths, mainiacjoe_overflow_24_doors,
          minmay_lair_entry_grove, special_room [special_room_kobold]

Skill      XL: |  1  2  3  4  5  6  7  8  9 |
---------------+----------------------------+-----
Axes           | 3 4 5 6 8 |  8.8
Shields        | 4 5 6 7 |  7.0
Fighting       | 4 5 6 7 |  7.0
Armour         | 4 5 6 7 |  7.1
Throwing       | 1 2 3 4 |  4.5
Invocations    | 1 2 |  2.5

Action                     |  1- 3 |  4- 6 |  7- 9 || total
---------------------------+-------+-------+-------++-------
  Melee: War axe           |    82 |   129 |   172 ||   383
         Headbutt          |    10 |    22 |    30 ||    62
  Throw: Dart              |       |       |     2 ||     2
 Invoke: Heroism           |       |       |     2 ||     2
    Use: Potion            |       |     1 |     1 ||     2
         Scroll            |       |     6 |     9 ||    15
 Armour: Scale mail        |    31 |       |       ||    31
         Plate armour      |    26 |    67 |   146 ||   239
  Dodge: Dodged            |    33 |    29 |    70 ||   132
  Block: Buckler           |    20 |    41 |    57 ||   118

Table legend: (Time is in decaauts)
 A = Elapsed time spent in this place.
 B = Non-inter-level travel time spent in this place.
 C = Inter-level travel time spent in this place.
 D = Time resting spent in this place.
 E = Time spent auto-exploring this place.
 F = Levels seen in this place.
 G = Mean time per level.
                   A        B        C        D        E       F      G
               +--------+--------+--------+--------+--------+-----+--------+
         Total |   6848 |   6677 |    171 |    958 |   3873 |   9 |  760.9 |
       Dungeon |   6448 |   6277 |    171 |    827 |   3873 |   8 |  806.0 |
       Ossuary |    400 |    400 |      0 |    131 |      0 |   1 |  400.0 |
               +--------+--------+--------+--------+--------+-----+--------+

Top non-repeatable levels by time:
     D:5: 1135 daAuts
     D:6: 1121 daAuts
     D:3: 827 daAuts
     D:2: 800 daAuts
     D:7: 739 daAuts
     D:4: 732 daAuts
     D:8: 616 daAuts
     D:1: 476 daAuts
 Ossuary: 400 daAuts
